 Dungeon Crawl Stone Soup version 0.24-a0-203-gf0bc1e94ae (webtiles) character file.

Game seed: 859881266357689379

1982390 EnegeticOcto the Slayer (level 25, 154/154 HPs)
             Began as a Vine Stalker Skald on Mar 27, 2019.
             Was the Champion of Ru.
             Escaped with the Orb
             ... and 3 runes!
             The game lasted 01:57:25 (48527 turns).

EnegeticOcto the Slayer (Vine Stalker Skald)       Turns: 48527, Time: 01:57:26

Health: 154/154    AC: 40    Str: 20    XL:     25
Magic:  33/36      EV: 16    Int: 24    God:    Ru [******]
Gold:   1652       SH: 15    Dex: 22    Spells: 28/28 levels left

rFire    + . .     SeeInvis +   X - +9 rapier (flame)
rCold    + . .     Gourm    .   R - +0 shield {AC+3}
rNeg     + + .     Faith    .   P - +8 plate armour {rF+}
rPois    +         Spirit   +   M - +0 helmet of Theory {rCorr Slay+3}
rElec    +         Reflect  .   v - +0 cloak {rPois}
rCorr    +         Harm     .   T - +1 pair of gloves {Dex+3}
MR       +++..     NoTele   +   E - +2 pair of boots {run}
Stlth    ..........             w - macabre finger necklace {rN+}
HPRegen  1.15/turn              q - ring of Phasing {EV+8, =R}
MPRegen  0.25/turn              h - ring "Xugeolen" {rElec rC+ MP+9 Dex+4 SInv, =R}
                                k - ring of the Countless Coins {-Tele rN+ Str-3 Int+9 Slay+6}

@: exhausted, quick
A: fangs 3, regeneration 2, magic shield, antimagic bite, no potion heal 3, rot
immunity, no stealth, inability to use devices, inability to train dodging,
inexperienced 1
0: Orb of Zot
}: 3/15 runes: serpentine, barnacled, abyssal
a: Draw Out Power, Power Leap, Apocalypse, Renounce Religion


You escaped.
You worshipped Ru.
Ru was exalted by your worship.
You were not hungry.

You visited 9 branches of the dungeon, and saw 44 of its levels.
You visited the Abyss 1 time.
You also visited: Gauntlet.

You collected 4527 gold pieces.
You spent 2875 gold pieces at shops.

Inventory:

Hand Weapons
 c - a +3 rapier of draining
 m - a +8 dagger
 X - a +9 rapier of flaming (weapon)
Missiles
 d - 12 javelins of penetration
 s - 20 javelins
 J - 5 steel javelins (quivered)
 L - 15 throwing nets {!f}
 V - 56 poisoned javelins
Armour
 v - a +0 cloak of poison resistance (worn)
 E - a +2 pair of boots of running (worn)
 M - the +0 helmet of Theory (worn) {rCorr Slay+3}
   (You found it on level 3 of the Depths)

   It affects your accuracy and damage with ranged weapons and melee attacks
   (+3).
   It provides partial protection from all sources of acid and corrosion.
 P - a +8 plate armour of fire resistance (worn)
 R - a +0 shield of protection (worn)
 T - a +1 pair of gloves of dexterity (worn)
 U - a scarf of cloud immunity
Jewellery
 a - a +1 ring of protection
 h - the ring "Xugeolen" (right hand) {rElec rC+ MP+9 Dex+4 SInv, =R}
   (You bought it in a shop on level 1 of the Elven Halls)

   [ring of see invisible]

   It affects your dexterity (+4).
   It protects you from cold.
   It insulates you from electricity.
   It affects your magic capacity (+9).
   It lets you see invisible.
 k - the ring of the Countless Coins (on amulet) {-Tele rN+ Str-3 Int+9 Slay+6}
   (You found it on level 2 of the Elven Halls)

   [ring of positive energy]

   It affects your strength (-3).
   It affects your intelligence (+9).
   It affects your accuracy and damage with ranged weapons and melee attacks
   (+6).
   It protects you from negative energy.
   It prevents most forms of teleportation.
 q - the ring of Phasing (left hand) {EV+8, =R}
   (You found it on level 4 of the Dungeon)

   [ring of evasion]

   It affects your evasion (+8).
 w - the macabre finger necklace (around neck) {rN+}
   (You found it on level 2 of the Depths)

   [amulet of nothing]

   It protects you from negative energy.
 K - the ring of False Pretenses {*Tele rElec rPois MR+}
   (You found it on level 3 of the Depths)

   [ring of teleportation]

   It may teleport you next to monsters.
   It insulates you from electricity.
   It protects you from poison.
   It affects your resistance to hostile enchantments.
 O - an uncursed amulet of magic regeneration
Scrolls
 b - 7 scrolls of fear {!r}
 f - 11 scrolls of amnesia
 g - 20 scrolls of remove curse {@r2}
 i - 5 scrolls of blinking {@r4}
 p - 12 scrolls of teleportation {@r3 !r}
 r - 13 scrolls of identify {@r1}
 x - a scroll of silence
 y - 2 scrolls of summoning
 z - 5 scrolls of fog {!r}
 B - 3 scrolls of magic mapping {@r5 !r}
 D - 2 scrolls of noise
 F - 9 scrolls of immolation
 N - 4 scrolls of holy word
Potions
 j - 13 potions of curing {@q1}
 l - 10 potions of agility {@q5 !q}
 n - 7 potions of lignification {@q6}
 o - 8 potions of flight
 t - 10 potions of brilliance
 u - 11 potions of mutation
 A - a potion of magic
 C - 3 potions of resistance
 G - 4 potions of haste {@q4 !q}
 H - a potion of invisibility
 I - a potion of might {@q3 !q}
 S - 2 potions of berserk rage
 W - a potion of cancellation
 Z - 3 potions of ambrosia
Comestibles
 e - 71 rations


   Skills:
 + Level 23.3 Fighting
 - Level 16.6 Short Blades
 - Level 16.0 Throwing
 + Level 20.3 Armour
 - Level 15.0 Shields
 - Level 2.1 Spellcasting
   Level 3.0 Charms


You had 28 spell levels left.
You didn't know any spells.
Your spell library contained the following spells:

 Spells                   Type           Power        Failure   Level  Hunger
 Infusion                 Chrm           ###.         26%         1    None
 Song of Slaying          Chrm           ###.....     36%         2    ##.....
 Shroud of Golubria       Chrm/Tloc      #.........   56%         2    ##.....
 Swiftness                Chrm/Air       #.......     56%         2    ##.....
 Flame Tongue             Conj/Fire      #....        65%         1    None
 Freeze                   Ice            #...         65%         1    None
 Magic Dart               Conj           #...         65%         1    None
 Sandblast                Erth           #.....       65%         1    None
 Shock                    Conj/Air       #...         65%         1    None
 Ensorcelled Hibernation  Hex/Ice        #.....       78%         2    ##.....
 Passwall                 Tmut/Erth      #.......     78%         2    ##.....
 Searing Ray              Conj           #.....       78%         2    ##.....
 Throw Flame              Conj/Fire      #.....       78%         2    ##.....
 Throw Frost              Conj/Ice       #.....       78%         2    ##.....
 Ozocubu's Armour         Chrm/Ice       #.......     80%         3    ###....
 Regeneration             Chrm/Necr      #.........   80%         3    ###....
 Spectral Weapon          Hex/Chrm       #.......     80%         3    ###....
 Conjure Flame            Conj/Fire      #.......     95%         3    ###....
 Dazzling Spray           Conj/Hex       #.....       95%         3    ###....
 Inner Flame              Hex/Fire       #.......     95%         3    ###....
 Recall                   Summ/Tloc      N/A          95%         3    ###....
 Static Discharge         Conj/Air       #.......     95%         3    ###....
 Stone Arrow              Conj/Erth      #.....       95%         3    ###....
 Airstrike                Air            #.........   100%        4    ####...
 Force Lance              Conj/Tloc      #.......     100%        4    ####...
 Fulminant Prism          Conj/Hex       #.........   100%        4    ####...
 Iskenderun's Mystic Bla  Conj           #.......     100%        4    ####...
 Petrify                  Tmut/Erth      #.......     100%        4    ####...
 Sticky Flame             Conj/Fire      #.......     100%        4    ####...
 Summon Ice Beast         Ice/Summ       #.......     100%        4    ####...
 Throw Icicle             Conj/Ice       #.......     100%        4    ####...
 Aura of Abjuration       Summ           #.........   100%        5    ######.
 Borgnjor's Vile Clutch   Necr/Erth      #.........   100%        5    ######.
 Fireball                 Conj/Fire      #.........   100%        5    ######.
 Lee's Rapid Deconstruct  Erth           #.........   100%        5    ######.
 Lightning Bolt           Conj/Air       #.........   100%        5    ######.
 Silence                  Hex/Air        #.........   100%        5    ######.
 Summon Demon             Summ           #.........   100%        5    ######.
 Summon Forest            Summ/Tloc      #.........   100%        5    ######.
 Summon Mana Viper        Hex/Summ       #.......     100%        5    ######.
 Darkness                 Hex            #.........   100%        6    #######
 Shadow Creatures         Summ           N/A          100%        6    #######


Dungeon Overview and Level Annotations

Branches:
Dungeon (15/15)            Temple (1/1) D:5            Lair (6/6) D:8
 Shoals (4/4) Lair:3        Snake (4/4) Lair:2        Slime (0/5) Lair:6
    Orc (2/2) D:10            Elf (2/3) Orc:2        Vaults (0/5) D:14
 Depths (5/5) D:15            Zot (5/5) Depths:5

Altars:
Ashenzari
Cheibriados
Dithmenos
Elyvilon
Fedhas
Gozag
Hepliaklqana
Kikubaaqudgha
Makhleb
Nemelex Xobeh
Okawaru
Qazlal
Ru
Sif Muna
Trog
Uskayaw
Vehumet
Wu Jian
Xom
Yredelemnul
Zin
The Shining One
Beogh
Jiyva

Shops:
D:10 %   D:13 *   D:15 (   Orc:2 ([([   Elf:1 =}=   Elf:2 *   Shoals:1 :
Snake:4 [   Depths:2 %%(?   Depths:4 *

Portals:
Hell: Depths:1 Depths:2 Depths:3 Depths:4 Depths:5
Abyss: Depths:1 Depths:2 Depths:4 Depths:5
Pandemonium: Depths:3 Depths:5
Ziggurat: Depths:1

Annotations:
Lair:2 exclusions: 2 electric eels and 13 more exclusions
Lair:5 exclusion: 4 oklob plants
Lair:6 1 runed translucent door
Shoals:4 exclusion: Roxanne, Roxanne
Elf:2 5 runed translucent doors
Depths:2 2 transporters
Depths:5 4 exclusions
Zot:3 2 transporters, Efuif's ghost, legendary SpEn


Innate Abilities, Weirdness & Mutations

You have razor-sharp teeth.
You heal very quickly.
When hurt, damage is shared between your health and your magic reserves.
Your bite disrupts and absorbs the magic of your enemies.
Potions cannot restore your health.
You are immune to rotting.
You cannot be stealthy.
You cannot study or use magical devices.
You cannot train Dodging skill.
You are somewhat inexperienced. (-2 XL)


Message History

Where to? (Enter - D:1 @ (x,y), ? - help)
There is a stone staircase leading up here.
You climb upwards.
There is a stone staircase leading down here.
Magic restored.
HP restored.
There is a stone staircase leading up here.
You climb upwards.
There is a stone staircase leading down here.
A Brimstone Fiend comes into view.
You see here a dagger.
All monsters which could be auto-targeted are covered by a wall or statue which interrupts your line of fire, even though it doesn't interrupt your line of sight.
Aiming: Power Leap
Press: ? - help, Dir - move target cursor A Brimstone Fiend comes into view.
You redirect the Brimstone Fiend's attack!
The Brimstone Fiend hits the fungus.
The Brimstone Fiend hits the fungus!
The Brimstone Fiend hits the fungus.
There is a staircase leading out of the dungeon here.
You have escaped!

##########
##..#....@#
#####.P..≈P.≈.#
###≈..≈...P≈.≈≈≈#
##......≈.≈..P1.≈#
#..≈....≈PP≈...P.#
#P......≈≈.......#
.......P.........#
...........P.....#
.P...PP≈.......P.#


You could see a Brimstone Fiend.

Vanquished Creatures
  A pandemonium lord (D:8)
  2 ancient liches (Zot:5)
  3 orbs of fire
  Mara (Snake:4)
  A juggernaut (Depths:4)
  Vashnia (Snake:3)
  Bai Suzhen (Depths:1)
  2 Killer Klowns (Zot:5)
  Saint Roka (Snake:4)
  2 caustic shrikes
  14 golden dragons
  The ghost of temitten the Champion of Chaos, an adept HOMo of Makhleb (Elf:2)
  Jory (Depths:5)
  3 electric golems
  3 liches (Depths:4)
  14 tentacled monstrosities
  Polyphemus (Shoals:2)
  20 Orb Guardians
  4 titans
  3 quicksilver dragons
  12 death cobs
  Asterion (Depths:1)
  Frances (Shoals:1)
  A sphinx (Depths:4)
  Agnes (Snake:1)
  Kirke (Snake:4)
  3 tengu reavers
  Donald (Snake:3)
  Ilsuiw (Shoals:4)
  A daeva (Abyss:3)
  8 shadow dragons
  An azure jelly (shapeshifter) (Depths:4)
  5 draconian monks
  The ghost of Lapheat the Severer, a journeyman HOAK of Lugonu (D:15)
  9 nagarajas
  22 storm dragons
  5 draconian knights
  An iron dragon (Depths:4)
  9 fire giants
  10 frost giants
  The ghost of Saakh the Imperceptible, an adept SpEn of Gozag (Snake:2)
  2 deep elf sorcerers
  4 ghost moths
  9 draconian scorchers
  Aizul (Snake:3)
  2 deep elf elementalists
  2 balrugs (Zot:4)
  8 draconian shifters
  34 very ugly things
  3 draconian stormcallers
  5 draconian annihilators
  15 stone giants
  4 spriggan defenders
  An ironheart preserver (D:14)
  A green draconian (shapeshifter) (Zot:4)
  2 vampire knights (Depths:4)
  A deep elf demonologist (Elf:1)
  A lorocyproca (Zot:4)
  12 green draconians
  A minotaur (Gauntlet)
  A dire elephant (D:15)
  15 purple draconians
  11 black draconians
  15 red draconians
  11 white draconians
  A deep elf annihilator (Zot:4)
  5 spark wasps
  10 yellow draconians
  10 ettins
  4 fire dragons
  16 merfolk impalers
  4 merfolk javelineers
  5 yaktaur captains
  A deep elf high priest (Depths:3)
  10 ice dragons
  11 naga warriors
  11 great orbs of eyes
  Erolcha (D:9)
  A hell beast (Depths:3)
  4 rakshasas
  6 centaur warriors
  2 hydras
  An alligator snapping turtle (Shoals:2)
  A catoblepas (Shoals:2)
  3 spriggan air magi
  3 merfolk avatars
  2 merfolk aquamancers
  A satyr (Shoals:4)
  11 anacondas
  5 tengu warriors
  19 two-headed ogres
  18 dancing weapons
  10 death yaks
  3 ogre magi
  3 deep troll earth magi
  16 naga sharpshooters
  A hell hog (Gauntlet)
  9 spriggans
  3 spriggan berserkers
  2 vampire magi
  9 deep troll shamans
  Sonja (Lair:5)
  5 shock serpents
  An orc high priest (Elf:2)
  4 deep elf knights
  3 salamander mystics
  2 soul eaters
  3 iron trolls
  11 skeletal warriors
  19 hell knights
  A deep troll (shapeshifter) (Depths:4)
  11 naga ritualists
  2 unseen horrors
  2 glowing orange brains
  A shadow demon (D:14)
  14 sea snakes
  4 flayed ghosts
  21 deep trolls
  2 wizards
  14 deep elf archers
  21 harpies
  12 orc knights
  12 mana vipers
  5 necromancers
  An orb spider (Zot:4)
  A wolf spider (D:15)
  21 deep elf magi
  37 ugly things
  13 manticores
  9 salamanders
  A cyclops (shapeshifter) (Depths:1)
  9 fauns
  3 orc sorcerers
  3 draconians (Abyss:3)
  2 salamanders (shapeshifter)
  A moth of wrath (shapeshifter) (Depths:1)
  3 cyclopes
  Joseph (D:8)
  A centaur zombie (D:15)
  17 moths of wrath
  8 water nymphs
  8 merfolk sirens
  An eye of devastation (shapeshifter) (Depths:3)
  An orange demon (D:7)
  2 centaur skeletons
  31 black mambas
  2 gargoyles
  A torpor snail (Lair:4)
  21 naga magi
  9 spiny frogs
  5 guardian serpents
  20 yaktaurs
  An ice devil (Depths:3)
  A kobold demonologist (D:15)
  A redback zombie (D:15)
  A tengu conjurer (Depths:2)
  6 komodo dragons
  4 rime drakes
  4 harpy zombies
  A freezing wraith (D:15)
  9 trolls
  A jumping spider (shapeshifter) (Depths:4)
  A red devil (Depths:3)
  37 merfolk
  5 wind drakes
  2 raiju (Zot:4)
  11 hornets
  A queen bee (shapeshifter) (D:9)
  9 snapping turtles
  14 dream sheep
  8 blink frogs
  15 slime creatures
  15 hippogriffs
  A large abomination (D:8)
  3 air elementals
  A centaur simulacrum (D:15)
  6 water elementals
  2 shadows
  4 fire bats (Gauntlet)
  3 wyverns
  35 yaks
  A hog (Snake:4)
  2 basilisks
  3 fire elementals
  3 chaos spawn
  2 hungry ghosts
  A golden eye (shapeshifter) (Depths:1)
  A basilisk (shapeshifter) (Depths:1)
  A steam dragon (D:9)
  8 wargs
  24 nagas
  A soldier ant (shapeshifter) (Elf:1)
  8 water moccasins
  2 hell hounds (Gauntlet)
  A floating eye (shapeshifter) (Depths:3)
  A floating eye (Depths:4)
  6 porcupines
  4 ice beasts
  A swamp drake (D:10)
  2 sky beasts
  50 orc warriors
  A sky beast (shapeshifter) (Depths:4)
  A small abomination (Abyss:3)
  An eye of draining (D:12)
  3 phantoms
  A necrophage (D:11)
  14 ogres
  3 wolves (Gauntlet)
  7 boggarts
  9 centaurs
  10 crocodiles
  A big kobold (D:8)
  A gnoll sergeant (D:10)
  5 earth elementals
  19 bullfrogs
  A wyvern skeleton (D:9)
  3 scorpions
  12 killer bees
  2 electric eels
  11 crimson imps
  5 jellies
  3 quasits
  24 orc priests
  9 hounds
  Crazy Yiuf (D:3)
  2 bullfrog skeletons
  26 orc wizards
  2 iguanas
  15 worker ants
  2 worker ant zombies
  7 adders
  5 gnolls
  6 shadow imps
  A white imp (Abyss:3)
  3 adder skeletons
  3 worms
  3 dart slugs
  8 leopard geckos
  123 orcs
  9 giant cockroaches
  3 goblins
  10 hobgoblins
  19 jackals
  8 kobolds
  7 quokkas
  A ball python (D:1)
  6 bats
  A frilled lizard (D:1)
  2 goblin skeletons (D:5)
  2 hobgoblin zombies (D:5)
  2 kobold skeletons (D:5)
  A kobold zombie (D:5)
  A leopard gecko zombie (D:9)
  An orc skeleton (D:5)
  An orc zombie (D:5)
  14 rats
  A butterfly (Zot:4)
  A fungus (D:3)
  5 plants
1732 creatures vanquished.

Vanquished Creatures (collateral kills)
  A gargoyle (D:9)
  A bullfrog (D:9)
2 creatures vanquished.

Vanquished Creatures (others)
  A golden dragon (Zot:2)
  A tentacled monstrosity (Zot:3)
  A draconian monk (Zot:1)
  A draconian scorcher (Zot:3)
  A stone giant (Depths:5)
  A very ugly thing (Depths:4)
  A green draconian (Zot:5)
  An ettin (Depths:4)
  A tengu warrior (Depths:4)
  A deep troll shaman (Depths:4)
  A dancing weapon (Elf:2)
  A two-headed ogre (D:9)
  A naga sharpshooter (Snake:3)
  A deep elf knight (Elf:1)
  An iron troll (Depths:1)
  A naga ritualist (Snake:4)
  A harpy (Shoals:4)
  2 deep elf magi
  A yaktaur (Depths:1)
  A komodo dragon (Lair:5)
  A harpy zombie (Zot:4)
  An air elemental (Elf:2)
  3 yaks
  4 humans (Snake:4)
  A warg (Snake:4)
  A porcupine (Lair:1)
  3 orc warriors
  A centaur (D:12)
  An orc wizard (D:5)
  A worker ant (D:12)
  A howler monkey zombie (D:9)
  A gnoll (D:9)
  6 orcs
  4 fungi
  13 plants
63 creatures vanquished.

Grand Total: 1797 creatures vanquished

Notes
Turn   | Place    | Note
-------+----------+-------------------------------------------
     0 | D:1      | EnegeticOcto the Vine Stalker Skald began the quest for the
                  | Orb.
     0 | D:1      | Reached XP level 1. HP: 11/11 MP: 4/4
   131 | D:1      | Reached skill level 2 in Fighting
   174 | D:1      | Reached XP level 2. HP: 15/15 MP: 6/6
   437 | D:1      | Reached XP level 3. HP: 12/18 MP: 7/7
  1581 | D:2      | Gained mutation: Your natural rate of healing is unusually
                  | fast. [Vine Stalker growth]
  1581 | D:2      | Reached XP level 4. HP: 22/23 MP: 6/8
  2039 | D:3      | Found a shimmering altar of Xom.
  2053 | D:3      | Reached skill level 3 in Fighting
  2053 | D:3      | Reached XP level 5. HP: 10/28 MP: 2/9
  2076 | D:3      | Reached XP level 6. HP: 20/32 MP: 8/10
  2465 | D:3      | Found a runed translucent door.
  2466 | D:3      | Noticed Crazy Yiuf
  2471 | D:3      | Killed Crazy Yiuf
  2606 | D:4      | Reached skill level 5 in Short Blades
  2828 | D:4      | Found the ring of Phasing {EV+8}
  3006 | D:4      | Noticed a moth of wrath
  3009 | D:4      | Found a bloodstained altar of Trog.
  3316 | D:5      | Entered Level 5 of the Dungeon
  3410 | D:5      | Found a glowing golden altar of the Shining One.
  3625 | D:5      | Reached skill level 4 in Fighting
  3625 | D:5      | Reached XP level 7. HP: 32/37 MP: 11/11
  3750 | D:5      | Found a staircase to the Ecumenical Temple.
  3782 | Temple   | Entered the Ecumenical Temple
  3949 | Temple   | Became a worshipper of Ru the Awakened
  4734 | D:6      | You fall through a shaft for 2 floors!
  4735 | D:8      | Noticed a hornet
  4738 | D:8      | Paralysed by a hornet for 1 turns
  4739 | D:8      | Killed a hornet
  4739 | D:8      | Gained mutation: You have razor-sharp teeth. [Vine Stalker
                  | growth]
  4739 | D:8      | Reached XP level 8. HP: 35/42 MP: 9/12
  4765 | D:8      | Reached skill level 5 in Fighting
  5005 | D:6      | Gained mutation: You cannot train Dodging skill. [Ru
                  | sacrifice]
  5005 | D:6      | Reached * piety under Ru
  5211 | D:6      | Found a radiant altar of Vehumet.
  5677 | D:7      | Found a burning altar of Makhleb.
  5694 | D:7      | Reached skill level 6 in Fighting
  5994 | D:7      | Reached XP level 9. HP: 43/48 MP: 11/13
  6108 | D:8      | Noticed Joseph
  6143 | D:8      | Killed Joseph
  6152 | D:8      | Noticed a death yak
  6218 | D:7      | Killed a death yak
  6218 | D:7      | Reached skill level 7 in Fighting
  6218 | D:7      | Reached skill level 10 in Short Blades
  6271 | D:8      | Noticed a death yak
  6272 | D:8      | Noticed a death yak
  6407 | D:7      | Killed a death yak
  6407 | D:7      | Reached XP level 10. HP: 39/56 MP: 10/14
  6463 | D:8      | Noticed a death yak
  6474 | D:7      | Killed a death yak
  6533 | D:8      | Noticed a death yak
  6540 | D:8      | Killed a death yak
  6540 | D:8      | Reached skill level 8 in Fighting
  6556 | D:7      | Killed a death yak
  6636 | D:8      | Found a stormy altar of Qazlal.
  6642 | D:8      | Noticed a death yak
  6698 | D:8      | Killed a death yak
  6831 | D:8      | Found a basalt altar of Yredelemnul.
  6909 | D:8      | You fall through a shaft for 3 floors!
  6926 | D:11     | Reached XP level 11. HP: 60/60 MP: 15/15
  6933 | D:10     | Entered Level 10 of the Dungeon
  7006 | D:10     | Reached skill level 9 in Fighting
  7026 | D:10     | Found Epimmo's Food Boutique.
  7141 | D:10     | Noticed a two-headed ogre
  7147 | D:10     | Killed a two-headed ogre
  7147 | D:10     | Reached skill level 1 in Shields
  7203 | D:10     | Gained mutation: You are somewhat inexperienced. (-2 XL)
                  | [Ru sacrifice]
  7203 | D:10     | Reached XP level 10. HP: 58/58 MP: 14/14
  7203 | D:10     | Reached XP level 9. HP: 53/53 MP: 13/13
  7203 | D:10     | Reached ** piety under Ru
  7203 | D:10     | Reached *** piety under Ru
  7601 | D:10     | Found a staircase to the Orcish Mines.
  7858 | D:9      | Noticed Erolcha
  7887 | D:9      | Killed Erolcha
  7893 | D:9      | Noticed a queen bee
  7903 | D:9      | Killed a queen bee
  7903 | D:9      | Reached XP level 10. HP: 48/58 MP: 12/14
  8224 | D:9      | Found a hide-covered altar of Uskayaw.
  8224 | D:9      | Noticed a +0 dagger
  8225 | D:9      | Noticed a +0 hand axe
  8282 | D:9      | Noticed a gargoyle
  8288 | D:9      | Killed a gargoyle
  8487 | D:9      | Noticed a two-headed ogre
  8494 | D:9      | Killed a two-headed ogre
  8585 | D:9      | Gained mutation: You cannot study or use magical devices.
                  | [Ru sacrifice]
  8585 | D:9      | Reached **** piety under Ru
  8585 | D:9      | Reached ***** piety under Ru
  8870 | D:8      | Found a staircase to the Lair.
  9241 | Lair:1   | Entered Level 1 of the Lair of Beasts
  9310 | Lair:1   | Noticed a spiny frog
  9327 | Lair:1   | Killed a spiny frog
  9373 | Lair:1   | Reached XP level 11. HP: 54/63 MP: 15/15
 10092 | Lair:2   | Reached skill level 10 in Fighting
 10225 | Lair:2   | Gained mutation: You cannot be stealthy. [Ru sacrifice]
 10225 | Lair:2   | Reached ****** piety under Ru
 10309 | Lair:2   | Found a staircase to the Snake Pit.
 10527 | Lair:2   | Noticed a four-headed hydra
 10540 | Lair:2   | Killed a four-headed hydra
 10673 | Lair:3   | Found a staircase to the Shoals.
 11012 | Lair:3   | You fall through a shaft for 3 floors!
 11012 | Lair:6   | Entered Level 6 of the Lair of Beasts
 11030 | Lair:6   | Reached skill level 11 in Fighting
 11155 | Lair:6   | Found a runed translucent door.
 11156 | Lair:6   | Found a viscous altar of Jiyva.
 11189 | Lair:6   | Gained mutation: You heal very quickly. [Vine Stalker
                  | growth]
 11189 | Lair:6   | Reached XP level 12. HP: 60/70 MP: 13/16
 11539 | Lair:6   | Found a staircase to the Slime Pits.
 11631 | Lair:6   | Reached skill level 1 in Armour
 11928 | Lair:5   | Noticed Sonja
 11958 | Lair:5   | Killed Sonja
 12188 | Lair:5   | Reached skill level 5 in Shields
 12349 | Lair:5   | Identified a scroll of acquirement
 13009 | Lair:4   | Reached skill level 12 in Fighting
 13635 | Lair:4   | Reached XP level 13. HP: 65/75 MP: 14/17
 14463 | D:11     | Reached skill level 5 in Armour
 15103 | D:12     | Found a gate leading to a gauntlet.
 15112 | Gauntlet | Entered a Gauntlet
 15112 | Gauntlet | Found a transporter.
 15126 | Gauntlet | Found a transporter.
 15134 | Gauntlet | Found a transporter.
 15145 | Gauntlet | Found a transporter.
 15149 | Gauntlet | Found a transporter.
 15153 | Gauntlet | Found a transporter.
 15169 | Gauntlet | Found a transporter.
 15171 | Gauntlet | Found the ring of Shadows {Umbra +Inv Stlth+}
 15179 | Gauntlet | Found a transporter.
 15182 | Gauntlet | Noticed a minotaur
 15189 | Gauntlet | Found a transporter.
 15201 | Gauntlet | Found a transporter.
 15215 | Gauntlet | Found a transporter.
 15236 | Gauntlet | Found a transporter.
 15236 | Gauntlet | Found a transporter.
 15280 | Gauntlet | Found a transporter.
 15435 | Gauntlet | Noticed a fire dragon
 15436 | Gauntlet | a fire dragon changed into a wolf spider
 15537 | Gauntlet | Got a crude turquoise ring
 15540 | Gauntlet | Identified the ring of Okawaru's Approval {+Fly Int+4 SInv}
                  | (You found it in a Gauntlet)
 15558 | Gauntlet | Killed a minotaur
 15582 | Gauntlet | Found the +8 storm bow {elec}
 15775 | D:12     | Found a shimmering altar of Xom.
 15776 | D:12     | Found the +7 mace of Variability {chain chaos}
 15968 | D:12     | You fall through a shaft for 2 floors!
 16193 | D:13     | Got a pair of polished gloves
 16204 | D:13     | Identified the +1 pair of gloves of the Undertaker {-Cast
                  | rCorr Str-4 Dex+8} (You found it on level 13 of the
                  | Dungeon)
 16328 | D:13     | Reached skill level 13 in Fighting
 16328 | D:13     | Reached XP level 14. HP: 78/82 MP: 16/18
 16693 | D:13     | Found Saujett's Demolitions Depot.
 18667 | D:14     | Found a gate to the Vaults.
 18667 | D:14     | Noticed an ironheart preserver
 18686 | D:14     | Killed an ironheart preserver
 18780 | D:15     | Entered Level 15 of the Dungeon
 18833 | D:15     | Found Cocw's Weapon Boutique.
 18930 | D:15     | Reached skill level 10 in Shields
 19032 | D:15     | Found a runed translucent gate.
 19032 | D:15     | Found a runed translucent gate.
 19032 | D:15     | Found a runed translucent gate.
 19035 | D:15     | Noticed Lapheat's ghost (journeyman HOAK)
 19276 | D:15     | Found a staircase to the Depths.
 19276 | D:15     | Noticed a dire elephant
 19304 | D:15     | Killed a dire elephant
 19648 | D:15     | Killed Lapheat's ghost
 19648 | D:15     | Reached skill level 14 in Fighting
 19648 | D:15     | Reached XP level 15. HP: 40/88 MP: 14/19
 19660 | D:15     | Got a brightly glowing helmet
 19671 | D:15     | Identified the +0 helmet "Nyeps" {+Inv rPois Str+4 Int-2}
                  | (You found it on level 15 of the Dungeon)
 19870 | Orc:1    | Entered Level 1 of the Orcish Mines
 19977 | Orc:1    | You fall through a shaft!
 19977 | Orc:2    | Entered Level 2 of the Orcish Mines
 20611 | Orc:2    | Found a staircase to the Elven Halls.
 21275 | Orc:2    | Found Sujur's Antique Weapon Emporium.
 21275 | Orc:2    | Found Zuofit's Antique Armour Shop.
 21340 | Orc:2    | Found a roughly hewn altar of Beogh.
 21365 | Orc:2    | Found Otweom's Weapon Emporium.
 21365 | Orc:2    | Found Ilih's Antique Armour Shop.
 22001 | Orc:2    | Bought a shiny plate armour for 988 gold pieces
 22055 | Orc:2    | Bought a pair of glowing boots for 195 gold pieces
 22065 | Orc:2    | Identified a +0 pair of boots of running (You bought it in
                  | a shop on level 2 of the Orcish Mines)
 22279 | Snake:1  | Entered Level 1 of the Snake Pit
 22657 | Snake:1  | Reached skill level 10 in Armour
 23125 | Snake:1  | Noticed Agnes
 23140 | Snake:1  | Killed Agnes
 23140 | Snake:1  | Reached XP level 16. HP: 93/93 MP: 20/20
 23310 | Snake:1  | Found a large runed translucent door.
 23310 | Snake:1  | Found a large runed translucent door.
 23310 | Snake:1  | Noticed Saakh's ghost (adept SpEn)
 23603 | Snake:2  | Reached skill level 15 in Fighting
 24016 | Snake:2  | Killed Saakh's ghost
 24633 | Snake:3  | Noticed Aizul
 24663 | Snake:3  | Killed Aizul
 24858 | Snake:3  | Noticed a nagaraja
 24888 | Snake:3  | Killed a nagaraja
 24989 | Snake:3  | Noticed Donald
 25012 | Snake:3  | Killed Donald
 25052 | Snake:3  | Noticed Vashnia
 25104 | Snake:3  | Killed Vashnia
 25521 | Snake:4  | Entered Level 4 of the Snake Pit
 25735 | Snake:4  | Noticed Saint Roka
 25739 | Snake:4  | Noticed a nagaraja
 25742 | Snake:4  | Noticed Mara
 25758 | Snake:4  | Killed Saint Roka
 25816 | Snake:3  | Killed a nagaraja
 25816 | Snake:3  | Reached XP level 17. HP: 94/100 MP: 21/21
 25856 | Snake:4  | Noticed EnegeticOcto's illusion
 25879 | Snake:4  | Killed Mara
 25888 | Snake:4  | Noticed Kirke
 25909 | Snake:4  | Killed Kirke
 26096 | Snake:4  | Found Zerux's Antique Armour Emporium.
 26229 | Snake:4  | Reached skill level 16 in Fighting
 26865 | Snake:4  | Got a serpentine rune of Zot
 27099 | Shoals:1 | Entered Level 1 of the Shoals
 27835 | Shoals:1 | Found Wadetaus's Book Emporium.
 27949 | Shoals:2 | Reached XP level 18. HP: 104/107 MP: 22/22
 28074 | Shoals:2 | Noticed Polyphemus
 28245 | Shoals:2 | Noticed Frances
 28275 | Shoals:1 | Killed Frances
 28462 | Shoals:2 | Killed Polyphemus
 28488 | Shoals:2 | Cast into level 3 of the Abyss (merfolk impaler)
 28533 | Abyss:3  | Found a transporter.
 28619 | Abyss:3  | Noticed a Hell Sentinel
 28623 | Abyss:3  | Found a transporter.
 28626 | Abyss:3  | Got an abyssal rune of Zot
 28660 | Shoals:2 | Escaped the Abyss
 28706 | Shoals:2 | Reached skill level 17 in Fighting
 30336 | Shoals:4 | Entered Level 4 of the Shoals
 30526 | Shoals:4 | Noticed Ilsuiw
 30656 | Shoals:4 | Reached XP level 19. HP: 112/112 MP: 23/23
 30710 | Shoals:4 | Reached skill level 15 in Shields
 30719 | Shoals:4 | Identified the +1 ring mail of Puteqeic {-Tele rN+ Str+10
                  | Slay-6}
 30761 | Shoals:4 | Reached skill level 15 in Short Blades
 31009 | Shoals:4 | Killed Ilsuiw
 31142 | Shoals:4 | Identified Roxanne's Volume of Changing
 31142 | Shoals:4 | Noticed Roxanne
 31837 | Shoals:4 | Got a barnacled rune of Zot
 32489 | Elf:1    | Entered Level 1 of the Elven Halls
 32541 | Elf:1    | Reached skill level 1 in Throwing
 32714 | Elf:1    | Found Idijoss's Jewellery Shop.
 32725 | Elf:1    | Found Plog's Gadget Shoppe.
 32726 | Elf:1    | Found Meessi's Jewellery Shop.
 33781 | Elf:2    | Found a huge runed translucent gate.
 33781 | Elf:2    | Found a huge runed translucent gate.
 33781 | Elf:2    | Found a huge runed translucent gate.
 33781 | Elf:2    | Found a huge runed translucent gate.
 33785 | Elf:2    | Found a huge runed translucent gate.
 33936 | Elf:2    | Found Lohipp's Assorted Antiques.
 34018 | Elf:2    | Found a runed translucent gate.
 34018 | Elf:2    | Found a runed translucent gate.
 34042 | Elf:2    | Noticed temitten's ghost (adept HOMo)
 34043 | Elf:2    | Found a runed translucent gate.
 34276 | Elf:1    | Bought the ring "Xugeolen" {rElec rC+ MP+9 Dex+4 SInv} for
                  | 1202 gold pieces
 34435 | Elf:2    | Killed temitten's ghost
 34463 | Elf:2    | Got a pitted gossamer ring
 34464 | Elf:2    | Identified the ring of the Countless Coins {-Tele rN+ Str-3
                  | Int+9 Slay+6} (You found it on level 2 of the Elven Halls)
 34746 | Depths:1 | Entered Level 1 of the Depths
 34852 | Depths:1 | Noticed Bai Suzhen
 34888 | Depths:1 | Killed Bai Suzhen
 34936 | Depths:1 | Noticed Asterion
 34966 | Depths:1 | Killed Asterion
 34966 | Depths:1 | Reached skill level 18 in Fighting
 35005 | Depths:1 | Found a gateway to a ziggurat.
 35065 | Depths:1 | Reached XP level 20. HP: 113/119 MP: 24/24
 35161 | Depths:1 | Found a gateway to Hell.
 35399 | Depths:1 | Found a one-way gate to the infinite horrors of the Abyss.
 35540 | Depths:1 | Reached skill level 5 in Throwing
 36463 | Depths:2 | Found a transporter.
 36604 | Depths:2 | Found a transporter.
 36680 | Depths:2 | Found Dekyenu's Weapon Emporium.
 36680 | Depths:2 | Found Vitoptir's Food Shoppe.
 36681 | Depths:2 | Found Fagacs's Magic Scroll Emporium.
 36683 | Depths:2 | Found Roatt's Food Shoppe.
 36898 | Depths:2 | Found the macabre finger necklace {rN+}
 37174 | Depths:3 | Noticed a golden dragon
 37197 | Depths:3 | Killed a golden dragon
 37197 | Depths:3 | Reached skill level 15 in Armour
 37286 | Depths:3 | Noticed a caustic shrike
 37297 | Depths:3 | Killed a caustic shrike
 37477 | Depths:3 | Reached XP level 21. HP: 86/124 MP: 25/25
 37599 | Depths:3 | Got a vibrating copper ring
 37617 | Depths:3 | Identified the ring of False Pretenses {*Tele rElec rPois
                  | MR+} (You found it on level 3 of the Depths)
 37837 | Depths:3 | Reached skill level 19 in Fighting
 37952 | Depths:3 | Got a scorched helmet
 38086 | Depths:3 | Identified the cursed +0 helmet of Theory {rCorr Slay+3}
                  | (You found it on level 3 of the Depths)
 38214 | Depths:3 | Found a one-way gate leading to the halls of Pandemonium.
 38945 | Depths:4 | Noticed a juggernaut
 39226 | Depths:4 | Reached skill level 10 in Throwing
 39273 | Depths:4 | Noticed a golden dragon
 39283 | Depths:4 | Killed a golden dragon
 39433 | Depths:4 | Reached XP level 22. HP: 131/131 MP: 26/26
 39575 | Depths:4 | Found Kic Oxkucu's Assorted Antiques.
 39740 | Depths:4 | Noticed a caustic shrike
 39752 | Depths:4 | Killed a caustic shrike
 39852 | Depths:4 | Noticed a golden dragon
 39865 | Depths:4 | Killed a golden dragon
 39928 | Depths:4 | Paralysed by a floating eye for 3 turns
 40015 | Depths:4 | Killed a juggernaut
 40097 | Depths:4 | Reached skill level 20 in Fighting
 40098 | Depths:4 | Noticed a golden dragon
 40144 | Depths:4 | Killed a golden dragon
 40450 | Depths:5 | Entered Level 5 of the Depths
 40639 | Depths:5 | Reached XP level 23. HP: 106/137 MP: 27/27
 41031 | Depths:5 | Noticed Jory
 41057 | Depths:5 | Killed Jory
 41429 | Depths:5 | Found a gate to the Realm of Zot.
 41700 | Zot:1    | Entered Level 1 of the Realm of Zot
 41803 | Zot:1    | Noticed a golden dragon
 41812 | Zot:1    | Killed a golden dragon
 42040 | Zot:1    | Noticed a golden dragon
 42063 | Zot:1    | Killed a golden dragon
 42146 | Zot:1    | You fall through a shaft!
 42427 | Zot:1    | Noticed a golden dragon
 42430 | Zot:1    | Noticed a golden dragon
 42439 | Zot:1    | Killed a golden dragon
 42449 | Zot:1    | Killed a golden dragon
 42649 | Zot:1    | Reached skill level 21 in Fighting
 42875 | Zot:2    | Reached XP level 24. HP: 117/145 MP: 27/27
 43140 | Depths:2 | Bought a scroll of summoning for 190 gold pieces
 43140 | Depths:2 | Bought a scroll of holy word for 150 gold pieces
 43140 | Depths:2 | Bought a scroll of enchant weapon for 150 gold pieces
 44527 | Zot:3    | Found a transporter.
 44529 | Zot:3    | Identified the +8 lajatang of Ypucewir {freeze, Str+6
                  | Dex+2}
 44531 | Zot:3    | Identified the +7 war axe "Icsibuqa" {antimagic, rElec}
 44532 | Zot:3    | Found a transporter.
 44537 | Zot:3    | Found a bloodstained altar of Trog.
 44546 | Zot:3    | Identified the +4 great mace of Boyhi {flame, rN+}
 44547 | Zot:3    | Identified the +1 cloak "Kentulys" {Int+3}
 44556 | Zot:3    | Noticed Efuif's ghost (legendary SpEn)
 44557 | Zot:3    | Identified the +2 cloak of the Slorg {Int+4}
 44737 | Zot:4    | Noticed an orb of fire
 44822 | Zot:4    | Killed an orb of fire
 45041 | Zot:4    | Reached XP level 25. HP: 139/151 MP: 27/27
 45053 | Zot:4    | Reached skill level 15 in Throwing
 45071 | Zot:4    | Identified the cursed +1 battleaxe of the Modern Stars
                  | {freeze, rPois rF++ rN+++ Str-2}
 45328 | Zot:4    | Noticed a Killer Klown
 45724 | Zot:4    | Reached skill level 22 in Fighting
 46030 | Zot:4    | Noticed a Killer Klown
 46371 | Zot:5    | Entered Level 5 of the Realm of Zot
 47388 | Zot:5    | Noticed an ancient lich
 47402 | Zot:5    | Killed an ancient lich
 47424 | Zot:5    | Noticed an ancient lich
 47458 | Zot:5    | Noticed an orb of fire
 47478 | Zot:5    | Killed an orb of fire
 47486 | Zot:5    | Noticed a Killer Klown
 47507 | Zot:5    | Killed a Killer Klown
 47510 | Zot:5    | Noticed a Killer Klown
 47513 | Zot:5    | Noticed an orb of fire
 47517 | Zot:5    | Killed an ancient lich
 47531 | Zot:5    | Killed an orb of fire
 47534 | Zot:5    | Killed a Killer Klown
 47546 | Zot:5    | Reached skill level 23 in Fighting
 47890 | Zot:5    | Got the Orb of Zot
 48291 | D:8      | Noticed Megihaykk the pandemonium lord
 48315 | D:8      | Killed Megihaykk the pandemonium lord
 48527 | D:$      | Escaped with the Orb!

Levels and vault maps discovered:
D:1:      lemuel_arrival_muddy, layout_loops_cross
D:2:      layout_rooms
D:3:      layout_loops_corners, first_ration, led_xom_imps,
          uniq_crazy_yiuf_cottage
D:4:      layout_loops_cross, tgw_trog
D:5:      layout_basic, nicolae_tso_besieged_by_evil,
          minmay_temple_entry_drinking_statues, hangedman_decor_lopped,
          minivault_11
D:6:      layout_basic, basic_altar
D:7:      layout_loops_ring, kennysheep_mini, minivault_25, grunt_ogre_cave
D:8:      layout_basic, kennysheep_little_box, nicolae_qazlal_style_of_elements,
          dpeg_lair_monsters, uniq_joseph
D:9:      layout_long_grid, dancing_weapons_uskayaw, onia_ninara_cookie,
          uniq_erolcha
D:10:     layout_rooms, erik_orc_1, serial_shops, nicolae_shop_crystal
D:11:     layout_cave_pools, portal_ice_cave_entry_pillars_2
D:12:     layout_basic, gauntlet_entry_generic,
          minmay_guarded_unrand_variability
D:13:     layout_basic, nicolae_blasting_shop
D:14:     layout_stronghold, skrybe_vaults_entry_preservation, moated_statue,
          minmay_misc_feat_alley
D:15:     hangedman_depths_entry_try_elsewhere_first, layout_small_grid,
          serial_shops, nicolae_shop_stone, gammafunk_ghost_tricky_traps
Temple:   regret_index_temple_sphere_string
Lair:1:   layout_regular_city
Lair:2:   layout_cave_pods, dummy_snake_entry, serial_bayou_lake_a
Lair:3:   layout_gridlike, minmay_shoals_entry_centaurs, lemuel_another_geyser,
          serial_bayou_shore_b
Lair:4:   layout_regular_city, infiniplex_staircase_pool_2,
          serial_bayou_shore_a, grunt_megastairs_1, serial_bayou_shore_b
Lair:5:   layout_hall_layers, minmay_lair_oklob_chamber, uniq_sonja
Lair:6:   due_jungle_book, layout_long_grid, slime_altar_2
Shoals:1: layout_shoals, serial_shops, nicolae_shop_behind_doors, abandoned_shop
Shoals:2: cheibrodos_shoals_epimethial_gifts, layout_shoals,
          nicolae_shoals_square_sea_wall, uniq_frances, uniq_polyphemus
Shoals:3: cheibrodos_shoals_roost, layout_shoals
Shoals:4: shoals_end_grunt_ice, layout_shoals, shoal_ilsuiw, uniq_roxanne
Snake:1:  layout_onion, ebering_ghost_disaster_area, grunt_ministairs_11,
          uniq_agnes
Snake:2:  layout_basic, lemuel_fruit_tree
Snake:3:  layout_basic, uniq_vashnia, uniq_aizul, uniq_donald
Snake:4:  snake_pit, layout_cave_town, serial_shops, nicolae_shop_trees,
          uniq_saint_roka, uniq_kirke, uniq_mara
Orc:1:    layout_diamond_mine
Orc:2:    st_orc_town, layout_diamond_mine
Elf:1:    minmay_elf_arrival_summoners, layout_geoelf_grid, minivault_28,
          minmay_shop_grove
Elf:2:    layout_gridlike, serial_shops, shop, gammafunk_ghost_split
Depths:1: layout_forbidden_donut, enter_ziggurat_c, minmay_fountain_box,
          abyss_entry, hell_entry, grunt_ministairs_4, grunt_decor_one_mirror,
          hangedman_decor_growths, minmay_misc_feat_iff, st_stairs_6,
          kennysheep_generic_room_11, uniq_asterion, uniq_bai_suzhen
Depths:2: gammafunk_jiyva_shrine, layout_basic, hell_entry, abyss_entry_crystal,
          serial_glass, glass_columns_b, glass_columns_a, hex_tiny,
          infiniplex_staircase_pool_1, minmay_shoptagon
Depths:3: minmay_swirls_squares, layout_gridlike, minmay_misc_feat_roman,
          rand_demon_pan_entry_8, grunt_mini_vestibule
Depths:4: hangedman_box_tower, layout_cave_pools, abyss_entry, hell_entry,
          serial_sigils_hangedman_scratch, serial_shops, shop_coins
Depths:5: evilmike_zot_entry_argh, layout_cave_pools, hell_entry, abyss_entry,
          hangedman_abyss_or_decor_jellyfish_corner, pan_entry, uniq_jory
Zot:1:    kennysheep_spiral_hall, layout_basic
Zot:2:    layout_misc_corridors
Zot:3:    kennysheep_six_static_rooms, layout_onion_interference,
          gammafunk_ghost_wrathful_warriors, grunt_ministairs_7,
          lemuel_golem_globe
Zot:4:    hangedman_orp_of_zott, layout_gridlike, st_stairs_12,
          hangedman_zot_decor_checkerboard
Zot:5:    layout_gridlike
Abyss:3:  gammafunk_abyss_rune_reverse_zot
Gauntlet: minmay_gauntlet_77_tree [minmay_gauntlet_arena_77_broken_ladder,
          minmay_gauntlet_arena_77_chump_sandwich,
          minmay_gauntlet_arena_77_two_paths, minmay_gauntlet_arena_77_braids,
          minmay_gauntlet_arena_77_terracotta_army,
          minmay_gauntlet_arena_77_mess,
          minmay_gauntlet_arena_77_tiled_triplets, gauntlet_exit_green]

Skill      XL: |  1  2  3  4  5  6  7  8  9 10 11 12 13 14 15 16 17 18 19 20 21 22 23 24 25 |
---------------+----------------------------------------------------------------------------+-----
Short Blades   | 2 3 4 5 6 8 10 13 14 16 | 16.6
Fighting       | 2 3 4 6 7 8 11 12 13 14 15 16 17 18 19 20 21 23 | 23.3
Dodging        | 0 |  0.0
Shields        | 2 3 4 6 8 10 11 13 14 15 | 15.0
Armour         | 4 7 8 10 11 12 13 14 15 16 17 18 20 | 20.3
Throwing       | 4 7 10 12 13 14 16 | 16.0
Spellcasting   | |  2.1
Charms         | |  3.0

Action                   |  1- 3 |  4- 6 |  7- 9 | 10-12 | 13-15 | 16-18 | 19-21 | 22-24 | 25-27 || total
-------------------------+-------+-------+-------+-------+-------+-------+-------+-------+-------++-------
Melee: Short sword       |   175 |   214 |       |       |       |       |       |       |       ||   389
       Bite              |    35 |    76 |   124 |   338 |   810 |   785 |  1075 |   782 |   380 ||  4405
       Rapier            |       |     9 |   393 |   985 |  2031 |  1730 |  2034 |  1382 |   695 ||  9259
Throw: Throwing net      |       |       |       |     1 |       |     2 |       |       |       ||     3
       Javelin           |       |       |       |       |       |       |       |    12 |    31 ||    43
Invok: Sacrifice Nimblen |       |       |     1 |       |       |       |       |       |       ||     1
       Sacrifice Experie |       |       |     1 |       |       |       |       |       |       ||     1
       Sacrifice Artific |       |       |       |     1 |       |       |       |       |       ||     1
       Power Leap        |       |       |       |     3 |     1 |     5 |     5 |       |     1 ||    15
       Sacrifice Stealth |       |       |       |     1 |       |       |       |       |       ||     1
       Apocalypse        |       |       |       |       |     3 |     9 |     1 |     4 |     1 ||    18
       Draw Out Power    |       |       |       |       |     2 |     1 |       |       |     1 ||     4
Evoke: Wand              |       |     2 |     8 |     5 |       |       |       |       |       ||    15
  Use: Scroll            |       |    11 |     7 |    12 |    11 |    12 |    12 |    17 |     3 ||    85
       Potion            |       |       |       |     1 |       |     2 |     2 |     1 |     3 ||     9
 Stab: Invisible         |       |       |       |     3 |    11 |    15 |     7 |    13 |     6 ||    55
       Paralysed         |       |       |       |     2 |    11 |    17 |     2 |     5 |       ||    37
       Distracted        |       |       |       |     2 |     6 |     9 |     7 |    13 |     4 ||    41
  Eat: Chunk             |     2 |     6 |    11 |    18 |    28 |    14 |    22 |    15 |     5 ||   121
       Ration            |       |       |       |     3 |     1 |     3 |     2 |     1 |     2 ||    12
Armor: Leather armour    |    18 |       |       |       |       |       |       |       |       ||    18
       Plate armour      |   137 |   153 |   114 |   211 |   457 |   471 |   438 |   430 |   177 ||  2588
Dodge: Dodged            |    45 |    94 |   142 |   344 |   516 |   428 |   411 |   321 |   138 ||  2439
Block: Buckler           |       |       |    37 |   105 |    17 |       |       |       |       ||   159
       Shield            |       |       |       |       |   712 |   687 |   693 |   532 |   188 ||  2812

Table legend:
 A = Non-vault XP
 B = Vault XP
 C = Vault XP percentage of total XP
 D = Non-vault monster count
 E = Vault monster count
 F = Vault count percentage of total count
                 A         B        C        D         E       F
            +---------+---------+-------+---------+---------+-------
      Total |  693390 |  511467 |  42.5 |    1236 |     512 |  29.3
            +---------+---------+-------+---------+---------+-------
        D:1 |      48 |       0 |   0.0 |      28 |       0 |   0.0
        D:2 |      34 |       0 |   0.0 |      20 |       0 |   0.0
        D:3 |      61 |     239 |  79.7 |      14 |       5 |  26.3
        D:4 |     123 |       9 |   6.8 |       9 |       5 |  35.7
        D:5 |     183 |      54 |  22.8 |       7 |      10 |  58.8
        D:6 |     659 |       0 |   0.0 |      26 |       0 |   0.0
        D:7 |     463 |    3553 |  88.5 |      11 |       5 |  31.2
        D:8 |    1702 |    2243 |  56.9 |      31 |       3 |   8.8
        D:9 |    2181 |    2014 |  48.0 |      23 |      21 |  47.7
       D:10 |    1889 |     501 |  21.0 |      28 |      16 |  36.4
       D:11 |    4527 |       0 |   0.0 |      35 |       0 |   0.0
       D:12 |    8527 |     345 |   3.9 |      22 |       2 |   8.3
       D:13 |    8857 |       0 |   0.0 |      54 |       0 |   0.0
       D:14 |    9292 |    4864 |  34.4 |      36 |       9 |  20.0
       D:15 |    6997 |    6585 |  48.5 |      17 |      12 |  41.4
     Lair:1 |    1271 |       0 |   0.0 |       7 |       0 |   0.0
     Lair:2 |    6590 |       0 |   0.0 |      24 |       0 |   0.0
     Lair:3 |    2929 |     332 |  10.2 |      16 |       3 |  15.8
     Lair:4 |    6597 |     361 |   5.2 |      28 |       1 |   3.4
     Lair:5 |    3161 |    1001 |  24.1 |      13 |       4 |  23.5
     Lair:6 |    5057 |       0 |   0.0 |      21 |       0 |   0.0
   Shoals:1 |    9909 |    2946 |  22.9 |      22 |       2 |   8.3
   Shoals:2 |   17623 |   12023 |  40.6 |      38 |      13 |  25.5
   Shoals:3 |   16158 |    3664 |  18.5 |      36 |       6 |  14.3
   Shoals:4 |   12855 |   22114 |  63.2 |      31 |      28 |  47.5
    Snake:1 |   18809 |    5204 |  21.7 |      36 |       6 |  14.3
    Snake:2 |   10757 |    1710 |  13.7 |      18 |       1 |   5.3
    Snake:3 |   14970 |   11644 |  43.8 |      26 |       7 |  21.2
    Snake:4 |   16971 |   43915 |  72.1 |      28 |      57 |  67.1
      Orc:1 |    9119 |       0 |   0.0 |      56 |       0 |   0.0
      Orc:2 |    2271 |    9128 |  80.1 |      22 |      54 |  71.1
      Elf:1 |   20627 |   11151 |  35.1 |      36 |      18 |  33.3
      Elf:2 |    8746 |    6873 |  44.0 |      21 |       7 |  25.0
   Depths:1 |   52926 |   11493 |  17.8 |      64 |       7 |   9.9
   Depths:2 |   17377 |       0 |   0.0 |      29 |       0 |   0.0
   Depths:3 |   19644 |   41166 |  67.7 |      25 |      28 |  52.8
   Depths:4 |   70576 |  103747 |  59.5 |      69 |      64 |  48.1
   Depths:5 |   36416 |   14551 |  28.5 |      47 |       8 |  14.5
      Zot:1 |   66490 |    5407 |   7.5 |      37 |       4 |   9.8
      Zot:2 |   18402 |    6282 |  25.4 |      13 |       4 |  23.5
      Zot:3 |   53328 |   20440 |  27.7 |      28 |      10 |  26.3
      Zot:4 |   85760 |   43020 |  33.4 |      53 |      43 |  44.8
      Zot:5 |   42497 |  101139 |  70.4 |      30 |      27 |  47.4
    Abyss:3 |      11 |    6722 |  99.8 |       1 |       7 |  87.5
   Gauntlet |       0 |    5027 | 100.0 |       0 |      15 | 100.0
            +---------+---------+-------+---------+---------+-------
